 Dungeon Sprint DCSS version 0.20-a0-1122-gb7cbeb9 (webtiles) character file.

1237 Dipster the Bludgeoner (level 8, 0/69 HPs)
             Began as a Kobold Berserker on May 10, 2017.
             Was an Elder of Trog.
             Slain by Sonja
             ... wielding a +0 dagger of distortion
              (8 damage)
             ... in the Dungeon (Sprint I: "Red Sonja").
             The game lasted 00:02:35 (1391 turns).

Dipster the Bludgeoner (Kobold Berserker)           Turns: 1391, Time: 00:02:35

Health: 0/69       AC:  4    Str: 21    XL:     8   Next: 78%
Magic:  8/8        EV: 15    Int:  8    God:    Trog [****..]
Gold:   405        SH:  0    Dex: 15    Spells: 7/7 levels left

rFire    . . .     SeeInvis .   a - +0 mace
rCold    . . .     Gourm    .   (shield restricted)
rNeg     . . .     Faith    .   k - +1 leather armour {rPois}
rPois    +         Spirit   .   (no helmet)
rElec    .         Reflect  .   (no cloak)
rCorr    .         Harm     .   (no gloves)
MR       .....     NoTele   +   (no boots)
Stlth    ..........             (no amulet)
Regen    0.3/turn               (no ring)
MPRegen  0.2/turn               (no ring)

@: berserking (expiring), lethally poisoned (0 -> -3), slowed
A: carnivore 3
a: Berserk, Trog's Hand, Brothers in Arms, Burn Spellbooks, Renounce Religion


You were in the Dungeon.
You worshipped Trog.
Trog was greatly pleased with you.
You were not hungry.

You visited 1 branch You collected 405 gold pieces.

Inventory:

Hand Weapons
 a - a +0 mace (weapon)
Armour
 b - a +0 animal skin
 k - a +1 leather armour of poison resistance (worn)
Scrolls
 j - a scroll of magic mapping {unknown}
Potions
 d - 2 potions of curing
 e - a potion of heal wounds
 f - a potion of haste
 g - 2 potions of magic
 h - a potion of berserk rage
Comestibles
 c - 2 meat rations


   Skills:
 * Level 3.2 Fighting
 + Level 15.9 Maces & Flails
 * Level 1.5 Armour
 * Level 2.4 Dodging


You had 7 spell levels left.
You didn't know any spells.

Dungeon Overview and Level Annotations

Branches:
Dungeon (1/1)

Altars:
Cheibriados
Dithmenos
Elyvilon
Fedhas
Gozag
Hepliaklqana
Kikubaaqudgha
Makhleb
Nemelex Xobeh
Okawaru
Qazlal
Ru
Sif Muna
Trog
Uskayaw
Vehumet
Wu Jian
Xom
Yredelemnul
Zin
The Shining One
Jiyva
Lugonu

Shops:
D %

Annotations:
D Sonja


Innate Abilities, Weirdness & Mutations

You are small and have problems with some larger weapons.
You are carnivorous and can eat meat at any time.


Message History

Sonja blinks!
You feel a strong urge to attack something.
Your skin stops crawling.
You feel less resistant to hostile enchantments.
Sonja twirls her cape.
Sonja hits you with an uncursed dagger of distortion.
Space bends around you.
Sonja hits you with an uncursed dagger of distortion.
Space bends around you. Sonja hits you but does no damage.
Space bends around you.
* * * LOW HITPOINT WARNING * * *
There is an open door, spattered with blood here.
You see here a curare-tipped needle.
You barely miss Sonja.
Sonja is moderately wounded.
You feel sick. Sonja misses you. Sonja hits you but does no damage.
Space warps horribly around you!
* * * LOW HITPOINT WARNING * * *
Sonja hits you but does no damage. Space warps horribly around you!
You die...

#<.#..)..#.)'..#__#..))s.#
#..)..#..'..#..+..'ss#s..#
#..#####'#####'#__####...'..#
#..####..#...#.#### ####..+
#..#__####..##.# ##
#..#_____##'#_.+≈§§
#⌠⌠#_.∩...'.(._#§§§
####_..__##_K#'##+#
#_____###@#.# #########§###


+$($+ #$§$# ##.## #+# You could see Sonja.

Vanquished Creatures
  2 kobold demonologists (D)
  A slime creature (D)
  Sigmund (D)
  A yak (D)
  A floating eye (D)
  An ogre (D)
  A jelly (D)
  Ijyb (D)
9 creatures vanquished.

Notes
Turn   | Place    | Note
-------+----------+-------------------------------------------
     0 | D        | Dipster the Kobold Berserker began the quest for the Orb.
     0 | D        | Reached XP level 1. HP: 14/14 MP: 1/1
     1 | D        | Noticed Ijyb
     9 | D        | Killed Ijyb
     9 | D        | Reached skill level 5 in Maces & Flails
     9 | D        | Reached XP level 2. HP: 19/19 MP: 2/2
     9 | D        | Reached XP level 3. HP: 23/23 MP: 3/3
    45 | D        | Noticed an ogre
    49 | D        | Killed an ogre
    49 | D        | Reached skill level 9 in Maces & Flails
    49 | D        | Reached XP level 4. HP: 28/28 MP: 4/4
    49 | D        | Reached XP level 5. HP: 32/32 MP: 5/5
   207 | D        | Noticed Sigmund
   214 | D        | Killed Sigmund
   214 | D        | Reached ** piety under Trog
   214 | D        | Reached skill level 11 in Maces & Flails
   214 | D        | Reached XP level 6. HP: 37/37 MP: 6/6
   274 | D        | Found an ornate altar of the Wu Jian Council.
   274 | D        | Found a deep blue altar of Sif Muna.
   276 | D        | Found a radiant altar of Vehumet.
   464 | D        | Found Joeskob's Food Emporium.
   464 | D        | Found an ancient bone altar of Kikubaaqudgha.
   464 | D        | Found a hazy altar of Hepliaklqana.
   464 | D        | Found a stormy altar of Qazlal.
   464 | D        | Found a hide-covered altar of Uskayaw.
   464 | D        | Found a blossoming altar of Fedhas.
   464 | D        | Found a bloodstained altar of Trog.
   464 | D        | Found an iron altar of Okawaru.
   464 | D        | Found a basalt altar of Yredelemnul.
   464 | D        | Found a glowing golden altar of the Shining One.
   464 | D        | Found a snail-covered altar of Cheibriados.
   464 | D        | Found a sacrificial altar of Ru.
   464 | D        | Found a glowing silver altar of Zin.
   464 | D        | Found a shadowy altar of Dithmenos.
   464 | D        | Found a white marble altar of Elyvilon.
   464 | D        | Noticed a yak
   472 | D        | Killed a yak
   472 | D        | Reached skill level 13 in Maces & Flails
   472 | D        | Reached XP level 7. HP: 26/41 MP: 7/7
   473 | D        | Found an opulent altar of Gozag.
   638 | D        | Found a sparkling altar of Nemelex Xobeh.
   661 | D        | Found a burning altar of Makhleb.
   661 | D        | Found a viscous altar of Jiyva.
   661 | D        | Found a shimmering altar of Xom.
   661 | D        | Found a corrupted altar of Lugonu.
   661 | D        | Noticed a slime creature
   673 | D        | Killed a slime creature
   673 | D        | Reached *** piety under Trog
   673 | D        | Reached skill level 14 in Maces & Flails
  1043 | D        | Noticed a kobold demonologist
  1051 | D        | Killed a kobold demonologist
  1051 | D        | Reached skill level 15 in Maces & Flails
  1051 | D        | Reached XP level 8. HP: 46/46 MP: 8/8
  1052 | D        | Noticed a kobold demonologist
  1052 | D        | Noticed a demonic crawler
  1052 | D        | Noticed a demonic crawler
  1052 | D        | Noticed a demonic crawler
  1052 | D        | Noticed a demonic crawler
  1060 | D        | Killed a kobold demonologist
  1060 | D        | Reached **** piety under Trog
  1379 | D        | Noticed Sonja
  1391 | D        | Slain by Sonja

Vault maps used:
D:        dungeon_sprint_1

Skill      XL: |  1  2  3  4  5  6  7 |
---------------+----------------------+-----
Maces & Flails | 5 9 11 13 15 | 15.9
Fighting       | |  3.2
Armour         | |  1.5
Dodging        | |  2.4

Action                   |  1- 3 |  4- 6 |  7- 9 || total
-------------------------+-------+-------+-------++-------
Melee: Mace              |    10 |    18 |    28 ||    56
Invok: Berserk           |     2 |     3 |     3 ||     8
       Trog's Hand       |       |       |     1 ||     1
  Use: Scroll            |       |       |     1 ||     1
  Eat: Chunk             |     3 |     2 |     5 ||    10
Armor: Leather armour    |       |     1 |     4 ||     5
Dodge: Dodged            |     3 |     7 |    15 ||    25
